 Dungeon Crawl Stone Soup version 0.27-a0-1193-g8631133539 (webtiles) character file.

Game seed: 5700903816915215652

55 senseless the Ducker (level 3, -1/35 HPs)
             Began as a Gnoll Monk on May 26, 2021.
             Was a Follower of Uskayaw.
             Succumbed to a water moccasin's poison
             ... on level 3 of the Dungeon.
             The game lasted 00:03:00 (1885 turns).

senseless the Ducker (Gnoll Monk)                   Turns: 1885, Time: 00:03:00

Health: -1/35      AC:  2    Str: 11    XL:     3   Next: 93%
Magic:  4/4        EV: 15    Int:  9    God:    Uskayaw [*.....]
Gold:   57         SH:  0    Dex: 14    Spells: 4/4 levels left

rFire    . . .     SeeInvis .   a - +0 hand axe
rCold    . . .     Faith    .   (no shield)
rNeg     . . .     Spirit   .   b - +0 robe
rPois    .         Reflect  .   (no helmet)
rElec    .         Harm     .   (no cloak)
rCorr    .         Rampage  .   (no gloves)
Will     .....                  (no boots)
Stlth    +++.......             (no amulet)
HPRegen  0.11/turn              (no ring)
MPRegen  0.09/turn              (no ring)

@: lethally poisoned (-1 -> -9)
A: fangs 1, strong nose, distributed training
a: Renounce Religion, Stomp


You were on level 3 of the Dungeon.
You worshipped Uskayaw.
Uskayaw was noncommittal.
You visited 1 branch of the dungeon, and saw 3 of its levels.

You collected 57 gold pieces.

Inventory:

Hand Weapons
 a - a +0 hand axe (weapon)
Armour
 b - a +0 robe (worn)
Scrolls
 c - 2 scrolls of identify


   Skills:
 + Level 6.5 Fighting
 + Level 1.0 Short Blades
 + Level 1.0 Long Blades
 + Level 6.5 Axes
 + Level 1.0 Maces & Flails
 + Level 1.0 Polearms
 + Level 1.0 Staves
 + Level 1.0 Slings
 + Level 1.0 Bows
 + Level 1.0 Crossbows
 + Level 1.0 Throwing
 + Level 1.0 Armour
 + Level 6.5 Dodging
 + Level 4.2 Stealth
 + Level 1.0 Shields
 + Level 1.0 Unarmed Combat
 + Level 1.0 Spellcasting
 + Level 0.7 Conjurations
 + Level 0.7 Hexes
 + Level 0.7 Summonings
 + Level 0.7 Necromancy
 + Level 0.7 Translocations
 + Level 0.7 Transmutations
 + Level 0.7 Fire Magic
 + Level 0.7 Ice Magic
 + Level 0.7 Air Magic
 + Level 0.7 Earth Magic
 + Level 0.7 Poison Magic
 + Level 1.0 Invocations
 + Level 1.0 Evocations


You had 4 spell levels left.
You didn't know any spells.
Your spell library contained the following spells:

 Spells                   Type           Power      Damage    Failure   Level
 Summon Small Mammal      Summ           4%         N/A       28%         1
 Call Imp                 Summ           1%         N/A       38%         2
 Call Canine Familiar     Summ           1%         N/A       63%         3
 Summon Guardian Golem    Hex/Summ       1%         N/A       63%         3
 Summon Ice Beast         Ice/Summ       1%         N/A       95%         4
 Summon Lightning Spire   Summ/Air       1%         N/A       95%         4


Dungeon Overview and Level Annotations

Branches:
Dungeon (3/15)

Altars:
Uskayaw


Innate Abilities, Weirdness & Mutations

You have very sharp teeth.
Your uncanny sense of smell can sniff out nearby items.
Your experience applies equally to all skills.


Message History

You see here a rat corpse.
The kobold shouts!
You hit the water moccasin but do no damage.
You bite the water moccasin.
The water moccasin is lightly wounded.
The water moccasin misses you.
You completely miss the water moccasin.
The water moccasin is lightly wounded.
You hit the endoplasm. The water moccasin bites you.
You are poisoned.
The water moccasin poisons you! The endoplasm freezes you.
You are frozen.
The water moccasin bites you but does no damage.
You barely miss the endoplasm. You bite the endoplasm.
The endoplasm is severely wounded.
You barely miss the water moccasin.
You feel very sick. The water moccasin closely misses you.
The endoplasm completely misses you.
You are too injured to fight recklessly!
You are too injured to fight recklessly!
You hit the water moccasin.
The water moccasin is lightly wounded.
You hit the endoplasm.
You feel very sick. The water moccasin closely misses you.
The endoplasm misses you.
You barely miss the water moccasin.
The water moccasin is lightly wounded.
You miss the kobold. You barely miss the endoplasm.
You feel sick. The water moccasin bites you!
* * * LOW HITPOINT WARNING * * *
The endoplasm hits you.
* * * LOW HITPOINT WARNING * * *
The kobold misses you. The water moccasin barely misses you.
You aren't carrying any potions.
Okay, then.
You slash the endoplasm!
You kill the endoplasm!
You barely miss the kobold. You hit the water moccasin.
You die...

#..†..# ..#....
......#.#.....####.≈≈≈≈≈
............#..†...##
........###.#..###.<#
....... #.#..# #..#
....... #.#..# #..#
.......####.#..###..#
......K#>..?........+
......S@..####.######
..........# #.#
#.........# #.........#
#.........# #.........#
#.........+ ∆
#.........#


You could see a water moccasin and a kobold.

Vanquished Creatures
  2 adders (D:2)
  A worm (D:3)
  2 dart slugs
  4 bats
  2 endoplasms
  A giant cockroach (D:1)
  6 goblins
  A kobold (D:1)
  2 quokkas
  5 ball pythons
  2 frilled lizards (D:2)
  3 rats
31 creatures vanquished.

Notes
Turn   | Place    | Note
-------+----------+-------------------------------------------
     0 | D:1      | senseless the Gnoll Monk began the quest for the Orb.
     0 | D:1      | Reached XP level 1. HP: 23/23 MP: 1/1
    11 | D:1      | Found a faded altar of an unknown god.
    18 | D:1      | Became a worshipper of Uskayaw the Reveller
    18 | D:1      | Reached * piety under Uskayaw
    18 | D:1      | Reached ** piety under Uskayaw
   132 | D:1      | Reached XP level 2. HP: 29/29 MP: 2/2
   927 | D:2      | Reached XP level 3. HP: 33/35 MP: 3/3
  1220 | D:2      | Reached skill level 1 in Invocations
  1818 | D:3      | Reached skill level 1 in Short Blades
  1818 | D:3      | Reached skill level 1 in Long Blades
  1818 | D:3      | Reached skill level 1 in Maces & Flails
  1818 | D:3      | Reached skill level 1 in Polearms
  1818 | D:3      | Reached skill level 1 in Staves
  1818 | D:3      | Reached skill level 1 in Slings
  1818 | D:3      | Reached skill level 1 in Bows
  1818 | D:3      | Reached skill level 1 in Crossbows
  1818 | D:3      | Reached skill level 1 in Throwing
  1818 | D:3      | Reached skill level 1 in Armour
  1818 | D:3      | Reached skill level 1 in Shields
  1818 | D:3      | Reached skill level 1 in Unarmed Combat
  1818 | D:3      | Reached skill level 1 in Spellcasting
  1818 | D:3      | Reached skill level 1 in Evocations
  1874 | D:3      | Noticed a water moccasin
  1884 | D:3      | HP: 1/35 [endoplasm (3)]
  1885 | D:3      | Succumbed to a water moccasin's poison

Illustrated notes

Levels and vault maps discovered:
D:1:      lightli_arrival_statuegarden, layout_loops_cross,
          ebering_ecumenical_altar_ruins
D:2:      layout_basic
D:3:      layout_basic, chequers_serial_rivers_micro_e

Skill      XL: |  1  2  3 |
---------------+----------+-----
Invocations    | 1 |  1.0
Short Blades   | 1 |  1.0
Long Blades    | 1 |  1.0
Maces & Flails | 1 |  1.0
Polearms       | 1 |  1.0
Staves         | 1 |  1.0
Slings         | 1 |  1.0
Bows           | 1 |  1.0
Crossbows      | 1 |  1.0
Throwing       | 1 |  1.0
Armour         | 1 |  1.0
Shields        | 1 |  1.0
Unarmed Combat | 1 |  1.0
Spellcasting   | 1 |  1.0
Evocations     | 1 |  1.0
Fighting       | |  6.5
Axes           | |  6.5
Dodging        | |  6.5
Stealth        | |  4.2
Conjurations   | |  0.7
Hexes          | |  0.7
Summonings     | |  0.7
Necromancy     | |  0.7
Translocations | |  0.7
Transmutations | |  0.7
Fire Magic     | |  0.7
Ice Magic      | |  0.7
Air Magic      | |  0.7
Earth Magic    | |  0.7
Poison Magic   | |  0.7

Action                   || total
-------------------------++-------
Melee: Hand axe          ||    89
       Bite              ||     8
  Use: Scroll            ||     3
 Stab: Sleeping          ||    11
Armor: Robe              ||    10
Dodge: Dodged            ||    54

Table legend: (Time is in decaauts)
 A = Elapsed time spent in this place.
 B = Non-inter-level travel time spent in this place.
 C = Inter-level travel time spent in this place.
 D = Time resting spent in this place.
 E = Time spent auto-exploring this place.
 F = Levels seen in this place.
 G = Mean time per level.
                   A        B        C        D        E       F      G
               +--------+--------+--------+--------+--------+-----+--------+
         Total |   1882 |   1830 |     52 |      0 |   1609 |   3 |  627.3 |
       Dungeon |   1882 |   1830 |     52 |      0 |   1609 |   3 |  627.3 |
               +--------+--------+--------+--------+--------+-----+--------+

Top non-repeatable levels by time:
     D:2: 1122 daAuts
     D:1: 684 daAuts
     D:3: 75 daAuts
